 Dungeon Crawl Stone Soup version 0.16-a0-1243-g6e0463c (webtiles) character file.

135 Steelunacy the Poker (level 4, 0/37 HPs)
             Began as a Centaur Gladiator on Oct 13, 2014.
             Was an Initiate of Makhleb.
             Slain by a quasit (2 damage)
             ... in a sewer.
             The game lasted 00:27:07 (2224 turns).

Steelunacy the Poker (Centaur Gladiator)            Turns: 2224, Time: 00:27:07

Health: 0/37       AC:  7    Str: 19      XL:     4   Next: 97%
Magic:  3/3        EV:  6    Int:  6 (7)  God:    Makhleb [......]
Gold:   58         SH:  0    Dex:  5 (9)  Spells: 0 memorised, 3 levels left

rFire  . . .     SeeInvis .     y - +2 hand axe (freeze)
rCold  . . .     Clarity  .     w - +0 scale mail
rNeg   . . .     SustAb   .     (no shield)
rPois  .         Gourm    .     c - +0 helmet
rElec  .         Spirit   .     (no cloak)
rCorr  .         Warding  .     (no gloves)
rMut   .         Stasis   .     (no barding)
MR     .....                    (no amulet)
Stlth  ..........               (no ring)
                                (no ring)

@: very quick, not resistant to hostile enchantments, extremely unstealthy
A: hooves 3, deformed body, speed 2, tough skin 3
a: Renounce Religion


You were in a sewer.
You worshipped Makhleb.
Makhleb was noncommittal.
You were not hungry.

You visited 1 branch of the dungeon, and saw 3 of its levels.
You also visited: Sewer.

You collected 58 gold pieces.

Inventory:

Hand weapons
 a - a +0 trident
 e - a +0 dagger
 j - a +0 hand axe
 l - a +0 dagger
 m - a +0 hunting sling
 t - a +0 battleaxe
 y - a +2 hand axe of freezing (weapon)
 A - a +2 short sword of speed
Missiles
 d - a throwing net (quivered)
 k - 19 stones
 q - 14 poisoned needles
Armour
 b - a +0 leather armour
 c - a +0 helmet (worn)
 i - a +0 robe
 s - a cursed +0 naga barding
 u - a +0 leather armour
 w - a +0 scale mail (worn)
Scrolls
 n - 2 scrolls of remove curse
 p - a scroll of fear
 r - a scroll of magic mapping
 x - a scroll of fog
Potions
 o - a potion of heal wounds {unknown}
 v - a potion of curing {unknown}
Comestibles
 g - 2 meat rations
 h - 2 slices of pizza
 z - 2 fruits


   Skills:
 + Level 2.4 Fighting
 + Level 0.5(2.1) Axes
 + Level 3.3(3.4) Polearms
 + Level 3.0 Throwing
 + Level 1.1 Armour
 + Level 3.2 Dodging


You had 3 spell levels left.
You didn't know any spells.

Dungeon Overview and Level Annotations

Branches:
Dungeon (3/15)

Altars:


Innate Abilities, Weirdness & Mutations

You have hooves in place of feet.
Armour fits poorly on your strangely shaped body.
You cover ground very quickly.
You have extremely tough skin (AC +3).


Message History

The quasit claws you but does no damage. x2
The ufetubus hits you but does no damage.
The ufetubus closely misses you.
The apprentice kobold demonologist casts a spell.
There was something very wrong with that liquid!
You feel dopey.
It was a potion of degeneration.
The quasit bites you.
* * * LOW HITPOINT WARNING * * *
The quasit claws you but does no damage. x2
The ufetubus hits you but does no damage.
The ufetubus hits you.
* * * LOW HITPOINT WARNING * * *
The quasit bites you but does no damage.
The quasit barely misses you. The quasit claws you.
* * * LOW HITPOINT WARNING * * *
The kobold hits you with a dagger.
* * * LOW HITPOINT WARNING * * *
The apprentice kobold demonologist's eyes start to glow.
The quasit bites you.
You die...

#≈..#.)((..#≈.≈#....%.#.≈≈
#≈≈...≈≈≈≈≈.....≈≈≈≈≈≈(..≈
#≈≈.#≈≈≈≈≈≈#...#≈≈≈≈≈≈#.≈≈
#############'############
#######.))##
###5K5##..§..##
###!..≈55.......+
#∩??..≈.5.§._.§.+
###!..§K@.......+
###...##.§.§.##
#######...## #+++#


You could see an apprentice kobold demonologist, 4 quasits, an ufetubus and a
kobold.

Vanquished Creatures
  A big kobold zombie (Sewer)
  2 adders (Sewer)
  2 giant mites
  2 shadow imps (Sewer)
  An ufetubus (Sewer)
  An adder zombie (Sewer)
  A giant gecko (D:2)
  2 oozes
  8 bats
  A bat zombie (Sewer)
  5 giant cockroaches
  A giant mite zombie (Sewer)
  4 hobgoblins
  5 giant newts
  6 goblins
  16 kobolds
  6 rats
64 creatures vanquished.

Vanquished Creatures (others)
  An ooze (Sewer)
1 creature vanquished.

Grand Total: 65 creatures vanquished

Notes
Turn   | Place    | Note
--------------------------------------------------------------
     0 | D:1      | Steelunacy, the Centaur Gladiator, began the quest for the Orb.
     0 | D:1      | Reached XP level 1. HP: 17/17 MP: 1/1
   305 | D:1      | Reached XP level 2. HP: 24/24 MP: 2/2
  1021 | D:2      | Reached XP level 3. HP: 24/29 MP: 3/3
  1172 | D:2      | Reached skill level 3 in Polearms
  1717 | D:3      | Found a glowing drain.
  1722 | Sewer    | Entered a sewer
  1754 | Sewer    | Reached XP level 4. HP: 17/37 MP: 3/3
  2167 | Sewer    | Reached skill level 1 in Armour
  2196 | Sewer    | Found a burning altar of Makhleb.
  2215 | Sewer    | Became a worshipper of Makhleb the Destroyer
  2219 | Sewer    | Noticed an apprentice kobold demonologist
  2224 | Sewer    | Slain by a quasit

Action                   |  1- 3 |  4- 6 || total
-------------------------+-------+-------++-------
Melee: Trident           |   117 |       ||   117
       Hand axe          |    15 |    68 ||    83
Throw: Throwing net      |     4 |       ||     4
  Use: Scroll            |     8 |       ||     8
       Potion            |       |     1 ||     1
  Eat: Bread ration      |     1 |       ||     1
       Fruit             |     1 |       ||     1
